 Dungeon Crawl Stone Soup version 0.27.0-1-g7a089689b8 (webtiles) character file.

Game seed: 18310510566077034910

0 thirtiethelement the Skirmisher (level 1, -1/18 HPs)
             Began as a Demonspawn Abyssal Knight on Aug 9, 2021.
             Was a Follower of Lugonu.
             Slain by a chaos spawn (6 damage)
             ... on level 2 of the Abyss.
             The game lasted 00:01:03 (155 turns).

thirtiethelement the Skirmisher (DsAK)               Turns: 155, Time: 00:01:03

Health: -1/18      AC:  3    Str: 12    XL:     1   Next: 0%
Magic:  2/2        EV: 11    Int: 13    God:    Lugonu [*.....]
Gold:   82         SH:  0    Dex: 12    Spells: 0/0 levels left

rFire    . . .     SeeInvis .   a - +1 falchion
rCold    . . .     Faith    .   (no shield)
rNeg     . . .     Spirit   .   b - +0 leather armour
rPois    .         Reflect  .   (no helmet)
rElec    .         Harm     .   (no cloak)
rCorr    .         Rampage  .   (no gloves)
Will     .....                  (no boots)
Stlth    +.........             (no amulet)
HPRegen  0.06/turn              (no ring)
MPRegen  0.08/turn              (no ring)

@: no status effects
A: no striking features
a: Renounce Religion, Depart the Abyss


You were on level 2 of the Abyss.
You worshipped Lugonu.
Lugonu was aware of your devotion.
You visited 0 branches of the dungeon, and saw 0 of its levels.
You visited the Abyss 1 time.

You collected 82 gold pieces.

Inventory:

Hand Weapons
 a - a +1 falchion (weapon)
Armour
 b - a +0 leather armour (worn)
Scrolls
 c - a scroll of magic mapping {unknown}


   Skills:
 + Level 3.0 Fighting
 + Level 1.7 Long Blades
 + Level 1.7 Armour
 + Level 0.8 Dodging
 + Level 2.4 Invocations


You couldn't memorise any spells.
You didn't know any spells.
Your spell library was empty.

Dungeon Overview and Level Annotations

Branches:
Dungeon (0/15)

Altars:


Message History

Found a corrupted altar of Lugonu.
Found 25 stones.
Found 9 gold pieces.
You now have 22 gold pieces (gained 9).
Found a gateway leading deeper into the Abyss.
A neqoxec comes into view.
A smoke demon and a large abomination come into view.
The smoke demon roars!
A lurking horror comes into view.
The large abomination hits you but does no damage.
The large abomination barely misses you.
You riposte.
You hit the large abomination but do no damage.
There is a gateway leading deeper into the Abyss here.
The large abomination barely misses you.
You riposte.
You closely miss the large abomination.
The smoke demon hits you but does no damage.
The smoke demon completely misses you. The smoke demon hits you.
You plunge deeper into the Abyss.
Found a scroll labelled OCSIWA UBLUI.
Found a chain mail.
c - a scroll labelled OCSIWA UBLUI
Found a falchion.
Found 60 gold pieces.
You now have 82 gold pieces (gained 60).
A starcursed mass splits.
A starcursed mass splits.
A chorus of shrieks assaults your mind.
A starcursed mass splits.
A large abomination comes into view.
A chorus of shrieks assaults your mind.
A starcursed mass splits.
A tentacled starspawn comes into view.
A chaos spawn comes into view.
Tentacles burst from the starspawn's body! 2 starspawn tentacles come into view.
The chaos spawn buzzes angrily.
The chaos spawn gores you.
* * * LOW HITPOINT WARNING * * *
The chaos spawn freezes you.
You die...

...##....#
..##.#
....#...#X#
#.#..
....#.....#.#.#
..#..###.....#
..
##....#....#.. .
###...#..#.##
##.#..#....
#.4#.##..#.
##@.#4...# .
.......#........
.#..#.. .#......
.. #..# #..#...
.... .#..##
..#.# ## . .#.#.
.# # #.


You could see a chaos spawn.

Vanquished Creatures (others)
  2 starspawn tentacles (Abyss:2)
2 creatures vanquished.

Notes
Turn   | Place    | Note
-------+----------+-------------------------------------------
     0 | Abyss:1  | thirtiethelement the Demonspawn Abyssal Knight began the
                  | quest for the Orb.
     0 | Abyss:1  | Reached XP level 1. HP: 18/18 MP: 2/2
    23 | Abyss:1  | Found a corrupted altar of Lugonu.
    87 | Abyss:1  | Noticed a neqoxec
    88 | Abyss:1  | Noticed a smoke demon
    88 | Abyss:1  | Noticed a large abomination
   120 | Abyss:2  | Noticed a starcursed mass
   141 | Abyss:2  | Noticed a large abomination
   150 | Abyss:2  | Noticed a tentacled starspawn
   150 | Abyss:2  | Noticed a chaos spawn
   155 | Abyss:2  | Slain by a chaos spawn

Illustrated notes

Levels and vault maps discovered:
Abyss:2:  base:
Temple

Action                   || total
-------------------------++-------
Armor: Leather armour    ||     2
Dodge: Dodged            ||     3
       Rpst.: Falchion   ||     2
